 Dungeon Crawl Stone Soup version 0.23-a0-767-gdc19b93d68 (webtiles) character file.

93 LLavrengius the Sneak (level 4, -1/29 HPs)
             Began as an Octopode Enchanter on Jan 26, 2019.
             Was an Initiate of Gozag.
             Slain by Natasha (6 damage)
             ... on level 2 of the Dungeon.
             The game lasted 00:06:24 (2993 turns).

LLavrengius the Sneak (Octopode Enchanter)          Turns: 2993, Time: 00:06:24

Health: -1/29      AC:  1    Str:  7    XL:     4   Next: 62%
Magic:  7/7        EV: 12    Int: 18    God:    Gozag
Gold:   155        SH:  0    Dex: 12    Spells: 6/7 levels left

rFire    . . .     SeeInvis .   h - +0 dagger (venom)
rCold    . . .     Gourm    .   (no shield)
rNeg     . . .     Faith    .   (helmet restricted)
rPois    .         Spirit   .   (no amulet)
rElec    .         Reflect  .   (no ring)
rCorr    .         Harm     .   (no ring)
MR       .....                  (no ring)
Stlth    +++.......             (no ring)
HPRegen  0.09/turn              (no ring)
MPRegen  0.10/turn              (no ring)
                                (no ring)
                                (no ring)

@: heavily drained
A: almost no armour, stealthy swim, amphibious, 8 rings, constrict 8, camouflage
1, gelatinous body 1
a: Potion Petition, Call Merchant, Bribe Branch, Renounce Religion


You were on level 2 of the Dungeon.
You worshipped Gozag.
Gozag was aware of your devotion.
You were not hungry.

You visited 1 branch of the dungeon, and saw 3 of its levels.

You collected 187 gold pieces.
You paid 32 gold pieces to Gozag.

Inventory:

Hand Weapons
 a - a +1 dagger
 g - a +0 spear
 h - a +0 dagger of venom (weapon)
 k - a +2 dagger of flaming
Armour
 j - a +0 buckler
Scrolls
 b - 4 scrolls of identify {unknown}
 d - a scroll of blinking {unknown}
 i - 3 scrolls of teleportation {unknown}
Potions
 e - 2 potions of curing
 f - 2 potions of lignification {unknown}
 l - a potion of mutation {unknown}
Comestibles
 c - 3 rations


   Skills:
 + Level 2.2(1.1) Fighting
 + Level 3.4(2.2) Short Blades
 - Level 2.0(0.8) Dodging
 - Level 4.0(2.8) Stealth
 - Level 2.0(0.8) Spellcasting
 - Level 3.0(1.8) Hexes


You had 6 spell levels left.
You knew the following spells:

 Your Spells              Type           Power        Failure   Level  Hunger
a - Corona                Hex            #......      10%         1    ##.....

Your spell library contained the following spells:

 Spells                   Type           Power        Failure   Level  Hunger
 Ensorcelled Hibernation  Hex/Ice        #.....       22%         2    ###....
 Confuse                  Hex            #.......     28%         3    ####...
 Tukima's Dance           Hex            #.......     28%         3    ####...
 Dazzling Spray           Conj/Hex       #.....       38%         3    ####...


Dungeon Overview and Level Annotations

Branches:
Dungeon (3/15)

Altars:
Ashenzari
Cheibriados
Gozag
Yredelemnul

Annotations:
D:2 Natasha


Innate Abilities, Weirdness & Mutations

You cannot wear most types of armour.
You are very stealthy in the water. (Stealth+)
You are amphibious.
You can wear up to eight rings at the same time.
You can use your tentacles to constrict eight enemies at once.
Your skin changes colour to match your surroundings (Stealth+).
Your rubbery body absorbs attacks. (AC +1, EV +1)


Message History

The magic dart hits you!
There is a stone staircase leading up, spattered with blood here.
You closely miss Natasha. Your grab misses Natasha. You squeeze Natasha.
Natasha is moderately wounded.
Natasha claws you!
You hit Natasha but do no damage.
Natasha is poisoned.
Your grab misses Natasha.
Natasha is moderately wounded.
Natasha claws you.
* * * LOW HITPOINT WARNING * * *
You completely miss Natasha. You grab Natasha.
Natasha is moderately wounded.
You constrict Natasha.
Natasha drinks a potion.
Natasha is healed!
Natasha looks more healthy.
You hit Natasha.
Natasha is poisoned.
You squeeze Natasha.
Natasha is lightly wounded.
You constrict Natasha, but do no damage.
Natasha claws you.
You die...
Your body crumbles into a pile of gold.

#[# #.................# ..#
#.................#
..##########.................####
.....h.........<.............##..
.###########.........###..#####..
.##### #.###.................
.....#### ##.#..........#.#####..
####....###..#...)......#.## #..
#######........h@<......#..# #..
........................##.## #..
##########.###..........##..# ###
## ###.# #.....(....#...##### .##
#...# #.............[...## ..#
#.### ##..#####.........## #.#
#.# #.## ##.......... ..### #.#
#.# #.......##. #...####.# ##.#
###......###.


You could see Natasha.

Vanquished Creatures
  Natasha (D:2)
  3 worms (D:2)
  A leopard gecko (D:1)
  An orc (D:3)
  7 bats
  A giant cockroach (D:1)
  10 goblins
  8 hobgoblins
  7 jackals
  4 kobolds (D:1)
  2 frilled lizards (D:1)
  6 rats
51 creatures vanquished.

Notes
Turn   | Place    | Note
-------+----------+-------------------------------------------
     0 | D:1      | LLavrengius the Octopode Enchanter began the quest for the
                  | Orb.
     0 | D:1      | Reached XP level 1. HP: 11/11 MP: 3/3
   170 | D:1      | Reached XP level 2. HP: 17/17 MP: 5/5
   792 | D:1      | Reached XP level 3. HP: 18/22 MP: 6/6
  1028 | D:1      | Reached skill level 1 in Fighting
  1730 | D:2      | Found a snail-covered altar of Cheibriados.
  1777 | D:2      | Noticed Natasha
  1792 | D:2      | Killed Natasha
  1792 | D:2      | Reached XP level 4. HP: 11/29 MP: 7/7
  2194 | D:2      | Found an opulent altar of Gozag.
  2237 | D:2      | Became a worshipper of Gozag Ym Sagoz the Greedy
  2386 | D:2      | Found a shattered altar of Ashenzari.
  2515 | D:3      | Found a basalt altar of Yredelemnul.
  2661 | D:2      | Noticed Natasha
  2691 | D:2      | HP: 1/29 [rat (3)]
  2993 | D:2      | Slain by Natasha

Vault maps used:
D:1:      minmay_arrival_arboretum_small, minmay_domino_2
D:2:      ashenzari_conservatory_becter, grunt_gozag_breadcrumbs,
          lemuel_doored_altar, kennysheep_crisscross,
          minmay_goblin_kobold_house, uniq_natasha
D:3:      old_standard_altar, overflow_temple_1_default, serial_glass,
          glass_columns_c, glass_columns_c, glass_columns_a, glass_columns_b,
          nemelex_dance_club_becter

Skill      XL: |  1  2  3  4 |
---------------+-------------+-----
Short Blades   | 2 3 |  3.4
Fighting       | 1 2 |  2.2
Dodging        | |  2.0
Stealth        | |  4.0
Spellcasting   | |  2.0
Hexes          | |  3.0

Action                   |  1- 3 |  4- 6 || total
-------------------------+-------+-------++-------
Melee: Dagger            |    83 |    37 ||   120
       Constrict         |    17 |    12 ||    29
       Tentacles         |    12 |    12 ||    24
 Stab: Sleeping          |     9 |     5 ||    14
  Eat: Chunk             |     3 |     1 ||     4
       Ration            |       |     1 ||     1
Armor: Skin              |     4 |       ||     4
Dodge: Dodged            |    48 |    14 ||    62

Table legend:
 A = Non-vault XP
 B = Vault XP
 C = Vault XP percentage of total XP
 D = Non-vault monster count
 E = Vault monster count
 F = Vault count percentage of total count
                 A         B        C        D         E       F
            +---------+---------+-------+---------+---------+-------
      Total |      85 |      49 |  36.6 |      43 |       8 |  15.7
            +---------+---------+-------+---------+---------+-------
        D:1 |      42 |       2 |   4.5 |      25 |       1 |   3.8
        D:2 |      29 |      47 |  61.8 |      11 |       7 |  38.9
        D:3 |      14 |       0 |   0.0 |       7 |       0 |   0.0
            +---------+---------+-------+---------+---------+-------
